Map: 2000 Atmospheres LE

Players

A.I. 1 (Very Easy) - Winner!

  • Race: Zerg Zerg

trigger

  • Race: Protoss Protoss
  • League: Grandmaster

VOD

Have the link to the VOD?

Description

Time

  • Played on: March 14, 2022, 5:20 p.m.
  • Length: 7:47
Show
View Real Time Build Order
Export as new Build Order

A.I. 1 (Very Easy) Zerg - Winner!

Build Orders: Pool First 

Get SALT Encoding   

  12  0:01  Drone  
  13  0:12  Overlord  
  13  0:16  Drone  
  14  0:35  Spawning Pool  
  13  0:37  Extractor  
  13  0:39  Drone  
  13  0:47  Drone  
  14  0:52  Overlord  
  14  1:22  Zergling x2  
  14  1:24  Queen  
  17  1:31  Roach Warren  
  16  1:36  Drone  
  16  1:39  Extractor  
  16  1:42  Zergling x2  
  16  1:44  Drone  
  18  1:57  Drone  
  19  2:02  Zergling x2  
  19  2:08  Drone  
  21  2:18  Drone  
  22  2:29  Drone  
  23  2:31  Overlord  
  23  2:36  Drone  
  24  2:43  Drone  
  25  3:04  Drone  
  25  3:40  Drone  
  24  3:47  Drone  
  24  3:48  Zergling x2  
  22  3:54  Drone  
  22  4:01  Drone  
  23  4:08  Zergling x2  
  23  4:09  Drone  
  25  5:03  Drone  
  22  5:10  Drone  
  21  5:18  Drone  
  22  5:25  Drone  
  23  5:32  Drone  
  24  5:39  Drone  
  27  5:57  Roach, Lair, Overlord, Drone  
  28  6:04  Drone  
  29  6:11  Drone  
  30  6:18  Drone  
  31  6:25  Drone  
  31  6:37  Roach  
  31  6:55  Overseer  
  31  6:57  Overseer  
  31  7:17  Roach  
  31  7:20  Overlord  
  31  7:35  Hatchery  
Show
View Real Time Build Order
Export as new Build Order

trigger Protoss 

Build Orders: 1 Gate Expand, Oracle Opening 

Get SALT Encoding   

  12  0:00  Probe  
  13  0:12  Probe  
  14  0:19  Pylon  
  14  0:24  Probe (Chrono Boost)  
  15  0:37  Probe (Chrono Boost)  
  15  0:38  Gateway  
  16  0:45  Probe (Chrono Boost)  
  16  0:46  Assimilator  
  17  0:52  Probe  
  18  1:04  Probe  
  19  1:16  Probe  
  20  1:22  Nexus  
  20  1:28  Probe  
  21  1:35  Cybernetics Core  
  21  1:41  Assimilator  
  21  1:46  Pylon  
  21  1:49  Probe  
  22  2:01  Probe (Chrono Boost)  
  23  2:09  Adept (Chrono Boost)  
  23  2:11  Probe (Chrono Boost)  
  23  2:12  Warp Gate  
  26  2:16  Probe (Chrono Boost)  
  27  2:28  Probe (Chrono Boost)  
  28  2:30  Stargate  
  28  2:34  Adept  
  30  2:37  Probe (Chrono Boost)  
  32  2:45  Probe (Chrono Boost)  
  32  2:47  Probe (Chrono Boost)  
  33  2:51  Probe (Chrono Boost)  
  33  2:52  Probe (Chrono Boost)  
  35  3:00  Gateway  
  35  3:03  Probe  
  35  3:04  Probe  
  35  3:05  Void Ray (Chrono Boost)  
  37  3:15  Probe  
  37  3:17  Probe  
  43  3:27  Nexus  
  43  3:29  Probe  
  43  3:30  Probe  
  43  3:34  Pylon  
  45  3:41  Probe  
  46  3:52  Oracle, Probe  
  46  3:53  Probe  
  46  3:54  Assimilator  
  51  3:56  Assimilator  
  51  4:00  Adept  
  53  4:04  Probe  
  53  4:05  Pylon  
  53  4:09  Protoss Air Weapons Level 1  
  54  4:14  Pylon  
  54  4:16  Shield Battery  
  54  4:23  Probe x2 (Chrono Boost)  
  56  4:26  Stargate  
  56  4:30  Void Ray  
  56  4:32  Probe x2 (Chrono Boost)  
  62  4:39  Probe (Chrono Boost)  
  62  4:41  Probe (Chrono Boost)  
  62  4:42  Probe (Chrono Boost)  
  65  4:45  Robotics Facility  
  65  4:49  Probe (Chrono Boost)  
  65  4:50  Probe (Chrono Boost)  
  65  4:52  Probe (Chrono Boost)  
  68  4:54  Probe (Chrono Boost)  
  68  4:56  Probe  
  70  5:01  Probe  
  70  5:05  Probe  
  72  5:07  Void Ray  
  72  5:08  Probe  
  72  5:09  Void Ray  
  72  5:14  Probe  
  78  5:17  Probe  
  83  5:21  Pylon  
  83  5:22  Pylon  
  83  5:23  Probe  
  83  5:25  Assimilator  
  83  5:26  Forge  
  83  5:27  Probe  
  85  5:29  Assimilator  
  85  5:33  Robotics Bay  
  85  5:39  Probe (Chrono Boost)  
  88  5:43  Probe x2 (Chrono Boost)  
  88  5:50  Pylon  
  88  5:51  Probe (Chrono Boost)  
  91  5:57  Probe (Chrono Boost)  
  91  5:58  Probe x2 (Chrono Boost)  
  91  6:01  Fleet Beacon  
  91  6:03  Observer (Chrono Boost)  
  93  6:05  Probe x2  
  93  6:07  Nexus  
  93  6:08  Pylon  
  93  6:10  Probe  
  96  6:11  Pylon  
  96  6:18  Probe  
  97  6:21  Disruptor (Chrono Boost)  
  100  6:26  Probe x2  
  100  6:29  Stargate  
  100  6:32  Adept  
  104  6:33  Probe  
  104  6:37  Photon Cannon  
  104  6:39  Photon Cannon  
  105  6:41  Photon Cannon, Probe x2  
  105  6:44  Shield Battery  
  105  6:45  Carrier x2 (Chrono Boost)  
  119  7:00  Probe x2  
  121  7:01  Assimilator  
  121  7:05  Assimilator  
  121  7:12  Pylon  
  121  7:13  Probe x2  
  121  7:14  Pylon, Probe  
  124  7:21  Probe  
  131  7:25  Probe  
  132  7:44  Pylon  
  144  7:45  Pylon  
Tags
 
Add a new tag
Caveats
  • Supply blocks, unpowered buildings, or Contaminate may cause inaccurate times.
  • Supply counts are checked every 10 seconds.